 Dungeon Crawl Stone Soup version 0.25.1-2-g60ff931df9 (webtiles) character file.

Game seed: 15735915033336402001

594 Martska the Transmogrifier (level 7, -7/57 HPs)
             Began as a Naga Transmuter on Oct 13, 2020.
             Shot with an arrow by a centaur (14 damage)
             ... on level 5 of the Dungeon.
             The game lasted 00:11:51 (5469 turns).

Martska the Transmogrifier (Naga Transmuter)        Turns: 5469, Time: 00:11:51

Health: -7/57      AC:  2    Str: 19    XL:     7   Next: 39%
Magic:  8/10       EV: 19    Int: 15    God:
Gold:   237        SH:  0    Dex: 16    Spells: 1/10 levels left

rFire    . . .     SeeInvis +     - Unarmed
rCold    . . .     Gourm    .   (shield currently unavailable)
rNeg     . . .     Faith    .   (armour currently unavailable)
rPois    x         Spirit   .   (helmet currently unavailable)
rElec    .         Reflect  .   (cloak currently unavailable)
rCorr    +         Harm     .   (gloves currently unavailable)
MR       .....                  (no barding)
Stlth    +.........             (no amulet)
HPRegen  0.19/turn              h - ring of resist corrosion
MPRegen  0.12/turn              s - +6 ring of strength

@: spider-form
A: tiny, see invisible, slow metabolism 1, spit poison 1, AC +2
a: Spit Poison, End Transformation


You were on level 5 of the Dungeon.
You were not hungry.
You were a venomous arachnid creature.
You visited 1 branch of the dungeon, and saw 5 of its levels.

You collected 237 gold pieces.

Inventory:

Hand Weapons
 e - a +0 hand axe (melded)
Missiles
 a - 55 arrows
Armour
 b - a +0 robe (melded)
 w - a +0 helmet (melded)
Jewellery
 h - a ring of resist corrosion (left front leg)
 s - a +6 ring of strength (right front leg)
 v - an uncursed ring of wizardry {unknown}
Scrolls
 c - a scroll of enchant weapon {unknown}
 f - 4 scrolls of identify {unknown}
 i - a scroll of random uselessness {unknown}
 j - 6 scrolls of teleportation {unknown}
 k - 2 scrolls of amnesia {unknown}
 p - a scroll of immolation {unknown}
 q - a scroll of magic mapping {unknown}
 t - a scroll of fog {unknown}
Potions
 g - a potion of flight {unknown}
 l - 2 potions of lignification {unknown}
 m - 2 potions of curing {unknown}
 n - a potion of heal wounds {unknown}
 o - 2 potions of mutation {unknown}
 r - 5 potions of stabbing {unknown}
 u - 2 potions of invisibility {unknown}
 x - a potion of magic {unknown}
Comestibles
 d - 11 rations
 z - 6 chunks of flesh


   Skills:
 - Level 1.0 Fighting
 - Level 1.5 Dodging
 - Level 3.0 Unarmed Combat
 - Level 2.0 Spellcasting
 * Level 8.0 Transmutations


You had one spell level left.
You knew the following spells:

 Your Spells              Type           Power        Failure   Level  Hunger
a - Beastly Appendage     Tmut           ####..       4%          1    #......
b - Spider Form           Tmut/Pois      ##........   30%         3    ###....
c - Blade Hands           Tmut           ####......   43%         5    ######.

Your spell library contained the following spells:

 Spells                   Type           Power        Failure   Level  Hunger
 Sticks to Snakes         Tmut           ####....     6%          2    ###....
 Ice Form                 Ice/Tmut       ##......     61%         4    #####..


Dungeon Overview and Level Annotations

Branches:
Dungeon (5/15)
 Temple: D:4-7

Altars:
Fedhas
Zin


Innate Abilities, Weirdness & Mutations

You cannot wear boots.
((Your serpentine skin is tough. (AC +2)))
You have supernaturally acute eyesight. (SInv)
((Armour fits poorly on your strangely shaped body.))
((Your system is resistant to poisons. (rPois)))
((You cover ground very slowly.))
You have a slow metabolism.
You can spit poison.


Message History

Your +0 hand axe melds into your body.
Your +0 helmet melds into your body.
Your +0 robe melds into your body.
The centaur shoots an arrow.
The arrow hits you!
An orc comes into view. It is wielding a +4 hand axe.
The orc shouts!
The centaur shoots an arrow.
The arrow hits you!
You see here an arrow.
The centaur shoots an arrow.
The arrow misses you.
You see here 2 arrows.
The centaur shoots an arrow.
The arrow hits you!
* * * LOW HITPOINT WARNING * * *
The centaur shoots an arrow.
The arrow misses you.
You see here an arrow.
The centaur shoots an arrow.
The arrow hits you!
* * * LOW HITPOINT WARNING * * *
You see here an arrow.
The centaur shoots an arrow.
The arrow barely misses you.
You see here an arrow.
The centaur shoots an arrow.
The arrow hits you!
You die...

#......####
#................#
#>..####
##..............#.
#...#
#..#.............
#..##
#................ #..#
#...#.).).....# ..##
#...#...).....# ..
##..##........#
#..###......##
#.s###......#
##...........#
##............#
########..######)....#
........(## #####..#
.........# ..#
#######((# .. #c(#
#.(#


You could see a centaur.

Vanquished Creatures
  An orc warrior (D:4)
  An ogre (D:4)
  A howler monkey (D:4)
  3 orc wizards
  An orc priest (D:5)
  Natasha (twice) (D:4)
  2 worker ants (D:4)
  6 adders
  4 gnolls (D:2)
  2 oozes
  A worm (D:3)
  5 dart slugs
  2 leopard geckos (D:1)
  6 orcs
  A ball python (D:1)
  3 giant cockroaches
  7 goblins
  4 hobgoblins
  5 bats
  4 frilled lizards
  6 kobolds
  A quokka skeleton (D:4)
  7 rats
75 creatures vanquished.

Notes
Turn   | Place    | Note
-------+----------+-------------------------------------------
     0 | D:1      | Martska the Naga Transmuter began the quest for the Orb.
     0 | D:1      | Reached XP level 1. HP: 18/18 MP: 3/3
   264 | D:1      | Reached XP level 2. HP: 21/25 MP: 5/5
   499 | D:1      | Reached skill level 3 in Transmutations
   519 | D:1      | HP: 1/25 [bat (1)]
   901 | D:1      | Reached XP level 3. HP: 31/31 MP: 6/6
   906 | D:1      | Learned a level 3 spell: Spider Form
  1993 | D:2      | Found a glowing silver altar of Zin.
  2230 | D:2      | Reached skill level 4 in Transmutations
  2404 | D:2      | Reached XP level 4. HP: 27/38 MP: 3/7
  3139 | D:3      | Found a blossoming altar of Fedhas.
  3217 | D:3      | Reached skill level 5 in Transmutations
  3217 | D:3      | Reached XP level 5. HP: 40/44 MP: 1/8
  4098 | D:4      | Noticed an orc warrior
  4162 | D:4      | Killed an orc warrior
  4162 | D:4      | Reached skill level 6 in Transmutations
  4162 | D:4      | Reached XP level 6. HP: 15/51 MP: 6/9
  4505 | D:4      | Noticed Natasha
  4511 | D:4      | Killed Natasha
  4565 | D:4      | Learned a level 5 spell: Blade Hands
  4580 | D:4      | Reached skill level 7 in Transmutations
  4722 | D:4      | Reached XP level 7. HP: 50/57 MP: 6/10
  4830 | D:4      | Noticed Natasha
  4838 | D:4      | Killed Natasha
  5286 | D:5      | Entered Level 5 of the Dungeon
  5324 | D:5      | Reached skill level 8 in Transmutations
  5469 | D:5      | Shot with an arrow by a centaur

Illustrated notes

Levels and vault maps discovered:
D:1:      dpeg_arrival_boxes_within_box, layout_basic
D:2:      layout_basic, zin_treasury, nicolae_overflow_hidden_temple,
          first_ration
D:3:      layout_basic, fedhas_altar_1
D:4:      layout_gridville, makhleb_altar_promises_db, uniq_natasha
D:5:      layout_layer_cave

Skill      XL: |  1  2  3  4  5  6  7 |
---------------+----------------------+-----
Transmutations | 3 4 5 6 7 8 |  8.0
Fighting       | |  1.0
Dodging        | |  1.5
Unarmed Combat | |  3.0
Spellcasting   | |  2.0

Action                   |  1- 3 |  4- 6 |  7- 9 || total
-------------------------+-------+-------+-------++-------
Melee: Hand axe          |    89 |    85 |     5 ||   179
       Unarmed           |     2 |    54 |    30 ||    86
 Cast: Spider Form       |     1 |     6 |     4 ||    11
 Abil: Spit Poison       |    23 |     4 |       ||    27
 Stab: Sleeping          |     1 |       |       ||     1
  Eat: Chunk             |     4 |     8 |     2 ||    14
Armor: Robe              |    20 |    35 |       ||    55
       Skin              |       |     3 |       ||     3
Dodge: Dodged            |    60 |    86 |    35 ||   181
